 Dungeon Crawl Stone Soup version 0.29-a0-23-ga79f92ac9c (webtiles) character file.

Game seed: 8695722308065547091

1463 Lekart the Skirmisher (level 8, -7/68 (70) HPs)
             Began as a Purple Draconian Abyssal Knight on Jan 30, 2022.
             Was a Believer of Lugonu.
             Killed from afar by an acid dragon (27 damage)
             ... with a splash of acid
             ... on level 6 of the Dungeon.
             The game lasted 00:09:04 (6444 turns).

Lekart the Skirmisher (DrAK)                        Turns: 6444, Time: 00:09:05

HP:   -7/68 (70)    AC:  2    Str: 16    XL:     8   Next: 48%
MP:   12/12         EV: 14    Int: 12    God:    Lugonu [**....]
Gold: 280           SH:  0    Dex: 14    Spells: 7/7 levels left

rFire   . . .      SeeInvis .   c - +6 whip of the Shark {freeze, rC+ Int+2 Stlth-}
rCold   + . .      Faith    .   (no shield)
rNeg    . . .      Spirit   .   (armour unavailable)
rPois   .          Reflect  .   (helmet restricted)
rElec   .          Harm     .   (no cloak)
rCorr   .          Rampage  .   (no gloves)
Will    +....                   (no boots)
Stlth   ..........              (no amulet)
HPRegen 0.21/turn               (no ring)
MPRegen 0.13/turn               (no ring)

@: corroded, lightly drained
A: breathe power, AC +6, unfitting armour, cold-blooded
a: Breathe Dispelling Energy, Renounce Religion, Depart the Abyss, Bend Space


You were on level 6 of the Dungeon.
You worshipped Lugonu.
Lugonu was pleased with you.
You visited 1 branch of the dungeon, and saw 7 of its levels.
You visited the Abyss 1 time.

You collected 280 gold pieces.

Inventory:

Hand Weapons
 a - a +2 falchion of flaming
 c - the +6 whip of the Shark (weapon) {freeze, rC+ Int+2 Stlth-}
   (You found it on level 2 of the Dungeon)

   It freezes those it strikes, dealing additional cold damage.
   It can also slow down cold-blooded creatures.
   Int:       It affects your intelligence (+2).
   rC:        It protects you from cold.
   Stlth:     It makes you less stealthy.
Jewellery
 l - a ring of willpower
 o - a ring of protection from fire
 u - a +6 ring of intelligence
Wands
 k - a wand of iceblast (6)
 r - a wand of digging (2)
Scrolls
 e - a scroll of blinking
 g - a scroll of amnesia
 h - 3 scrolls of enchant armour
 i - a scroll of fog
 j - a scroll of teleportation
 m - a scroll of enchant weapon
 q - a scroll of immolation
Potions
 b - a potion of invisibility
 d - 2 potions of curing
 f - a potion of lignification
 s - a potion of flight {unknown}
 t - a potion of attraction {unknown}


   Skills:
 + Level 5.9 Fighting
 + Level 3.4 Long Blades
 + Level 5.5 Maces & Flails
 + Level 5.2 Dodging
 * Level 5.5 Invocations


You had 7 spell levels left.
You didn't know any spells.
Your spell library contained the following spells:

 Spells                   Type           Power      Damage    Failure   Level
 Animate Skeleton         Necr           0%         N/A       32%         1
 Apportation              Tloc           0%         N/A       32%         1
 Summon Small Mammal      Summ           0%         N/A       32%         1
 Corpse Rot               Necr/Air       0%         N/A       45%         2
 Poisonous Vapours        Pois/Air       0%         N/A       45%         2
 Call Canine Familiar     Summ           0%         N/A       69%         3
 Gell's Gravitas          Tloc           0%         N/A       69%         3
 Lesser Beckoning         Tloc           0%         N/A       69%         3
 Summon Guardian Golem    Hex/Summ       0%         N/A       69%         3
 Teleport Other           Tloc           0%         N/A       69%         3
 Alistair's Intoxication  Tmut/Pois      0%         N/A       100%        5
 Fireball                 Conj/Fire      0%         3d3       100%        5
 Starburst                Conj/Fire      0%         6d3       100%        6
 Ignition                 Fire           0%         3d3       100%        8


Dungeon Overview and Level Annotations

Branches:
Dungeon (7/15)
 Temple: D:4-7

Altars:
Qazlal
Beogh

Shops:
D:3 [

Annotations:
D:6 3 runed translucent doors, caleiya's ghost, novice GrFi


Innate Abilities, Weirdness & Mutations

You can breathe bolts of dispelling energy.
Your rich purple scales are hard. (AC +6)
You cannot fit into any form of body armour.
You are cold-blooded and may be slowed by cold attacks.


Message History

There are monsters nearby!
You hit the bullfrog skeleton.
The bullfrog skeleton is lightly damaged.
The bullfrog skeleton completely misses you.
You hit the bullfrog skeleton.
The bullfrog skeleton is moderately damaged.
The bullfrog skeleton hits you. The water moccasin closely misses you.
The acid dragon spits acid at you. The splash of acid hits you!!
The acid corrodes you! The bullfrog skeleton misses you.
You climb upwards.
Level annotation: 3 runed translucent doors, caleiya's ghost, novice GrFi
There is a stone staircase leading down here.
You miss the water moccasin. You tail-slap the water moccasin.
The water moccasin is lightly wounded.
The water moccasin bites you.
You are poisoned.
The water moccasin poisons you!
The acid dragon bites you but does no damage.
The acid dragon barely misses you.
You hit the water moccasin.
The water moccasin seems to slow down.
You freeze the water moccasin. Your punch misses the water moccasin.
The water moccasin is moderately wounded.
You feel very sick. The water moccasin closely misses you.
The acid dragon bites you! The acid dragon misses you.
You hit the water moccasin.
The water moccasin seems to slow down.
You freeze the water moccasin.
Your tail-slap misses the water moccasin.
The water moccasin is moderately wounded.
You feel very sick. The water moccasin bites you.
* * * LOW HITPOINT WARNING * * *
The acid dragon barely misses you. x2
You feel better. The water moccasin bites you.
* * * LOW HITPOINT WARNING * * *
The acid dragon spits acid at you. The splash of acid hits you!!
You die...

#.#####.#
#.......#
##.......#
#..######
...####### #..#
...############..#
.............##..#
..########.......#
..# #.<.###.# ..#
##..# #D# ..# #..#
#@# ..## #..# #S#
(..########..# #.#
.............###.#
.)...##..........#
.....##.#.#.####.#
.....##.#.#.# #.#
....[..#....# #.#
.....##.#.### #.#


You could see a water moccasin (slow) and an acid dragon (catching breath).

Vanquished Creatures
  A necrophage (D:4)
  4 ogres
  3 phantoms
  A scorpion (D:5)
  A bullfrog (D:6)
  A water moccasin skeleton (D:5)
  3 wights (D:6)
  A centaur zombie (D:5)
  3 hounds
  An orc priest (D:5)
  A bullfrog skeleton (D:4)
  3 iguanas
  4 orc wizards
  4 gnolls
  7 adders
  A worm (D:2)
  A dart slug (D:5)
  14 orcs
  9 bats
  4 endoplasms
  2 giant cockroaches
  4 goblins
  A hobgoblin (D:2)
  5 kobolds
  3 quokkas
  2 ball pythons
  A frilled lizard (D:3)
  3 rats
88 creatures vanquished.

Notes
Turn   | Place    | Note
-------+----------+-------------------------------------------
     0 | Abyss:1  | Lekart the Draconian Abyssal Knight began the quest for the
                  | Orb.
     0 | Abyss:1  | Reached XP level 1. HP: 19/19 MP: 2/2
    36 | Abyss:2  | Noticed a flying skull
    36 | Abyss:2  | Noticed a flying skull
    39 | Abyss:2  | Noticed a flying skull
    80 | Abyss:2  | Noticed a worldbinder
    81 | Abyss:2  | Noticed a ynoxinul
    82 | D:1      | Escaped the Abyss
   139 | D:1      | Found a faded altar of an unknown god.
   460 | D:1      | Reached XP level 2. HP: 26/26 MP: 3/3
   730 | D:2      | Identified the +6 whip of the Shark {freeze, rC+ Int+2
                  | Stlth-}
   810 | D:2      | Reached * piety under Lugonu
  1209 | D:2      | Reached XP level 3. HP: 28/33 MP: 4/4
  1673 | D:3      | Found Yvainoys's Armour Boutique.
  1716 | D:3      | Reached XP level 4. HP: 36/40 MP: 6/6
  2127 | D:3      | Identified the +1 ring mail of Veysibra {rCorr}
  2220 | D:4      | Reached XP level 5. HP: 47/47 MP: 7/7
  2344 | D:4      | Noticed a phantom
  2353 | D:4      | Killed a phantom
  2354 | D:4      | Reached skill level 1 in Maces & Flails
  2559 | D:4      | Noticed an ogre
  2566 | D:4      | Killed an ogre
  2566 | D:4      | Reached ** piety under Lugonu
  2567 | D:4      | Reached XP level 6. HP: 22/55 MP: 8/8
  2788 | D:4      | HP: 1/55 [ogre (20)]
  2790 | D:4      | Reached skill level 5 in Fighting
  3487 | D:5      | Entered Level 5 of the Dungeon
  3694 | D:5      | Your scales start taking on a rich purple colour.
  3694 | D:5      | Reached XP level 7. HP: 61/61 MP: 10/10
  4809 | D:4      | Reached XP level 8. HP: 39/68 MP: 11/11
  4950 | D:5      | Reached skill level 5 in Invocations
  5028 | D:5      | Found a stormy altar of Qazlal.
  5483 | D:6      | Reached skill level 5 in Dodging
  5515 | D:6      | Reached skill level 5 in Maces & Flails
  6240 | D:6      | Found a runed translucent gate.
  6240 | D:6      | Found a runed translucent gate.
  6241 | D:6      | Found a runed translucent gate.
  6242 | D:6      | Noticed caleiya's ghost (novice GrFi)
  6444 | D:6      | Killed from afar by an acid dragon

Illustrated notes

Levels and vault maps discovered:
D:1:      lightli_arrival_isolated_outpost, layout_loops_ring,
          hellmonk_ecumenical_altar_lost_god, skrybe_limestone_x
D:2:      layout_basic
D:3:      layout_basic, serial_shops, shop
D:4:      layout_basic
D:5:      layout_cave_pods, kennysheep_little_box
D:6:      layout_loops_ring, biasface_ghost_orc_armoury
D:7:      layout_layer_cave, temple_fountains, serial_bayou,
          serial_bayou_shore_b, serial_bayou_lake_a, serial_bayou_shore_b,
          serial_bayou_crossing, grunt_ministairs_9

Skill      XL: |  1  2  3  4  5  6  7  8 |
---------------+-------------------------+-----
Fighting       | 4 5 |  5.9
Invocations    | 3 4 5 |  5.5
Dodging        | 3 4 5 |  5.2
Long Blades    | 3 |  3.4
Maces & Flails | 1 2 4 5 |  5.5

Action                   |  1- 3 |  4- 6 |  7- 9 || total
-------------------------+-------+-------+-------++-------
Melee: Falchion          |    15 |       |       ||    15
       Whip              |    59 |    96 |   147 ||   302
       Tailslap          |     4 |     8 |    21 ||    33
       Punch             |       |       |     5 ||     5
Invok: Depart the Abyss  |     1 |       |       ||     1
 Abil: Breathe Dispellin |       |       |     1 ||     1
  Use: Scroll            |     4 |     6 |     3 ||    13
       Potion            |     1 |     1 |     3 ||     5
Armor: Skin              |    36 |    31 |    23 ||    90
Dodge: Dodged            |    55 |    60 |    85 ||   200

Table legend: (Time is in decaauts)
 A = Elapsed time spent in this place.
 B = Non-inter-level travel time spent in this place.
 C = Inter-level travel time spent in this place.
 D = Time resting spent in this place.
 E = Time spent auto-exploring this place.
 F = Levels seen in this place.
 G = Mean time per level.
                   A        B        C        D        E       F      G
               +--------+--------+--------+--------+--------+-----+--------+
         Total |   6448 |   6258 |    190 |    657 |   4701 |   9 |  716.4 |
       Dungeon |   6367 |   6177 |    190 |    657 |   4670 |   7 |  909.6 |
         Abyss |     81 |     81 |      0 |      0 |     31 |   2 |   40.5 |
               +--------+--------+--------+--------+--------+-----+--------+

Top non-repeatable levels by time:
     D:4: 1844 daAuts
     D:5: 1296 daAuts
     D:6: 1121 daAuts
     D:2: 770 daAuts
     D:3: 676 daAuts
     D:1: 655 daAuts
 Abyss:2: 52 daAuts
 Abyss:1: 29 daAuts
     D:7: 3 daAuts
